 Dungeon Crawl Stone Soup version 0.32-a0-747-gc8563f6773 (webtiles) character file.

Game seed: 46950004991036549

187378 jasper the Slayer (level 18, -3/132 HPs)
             Began as a Gargoyle Berserker on Mar 17, 2024.
             Was a Believer of Jiyva.
             Slain by a stone giant (26 damage)
             ... created by the rage of Trog
             ... on level 2 of the Shoals.
             The game lasted 00:55:04 (28969 turns).

jasper the Slayer (Gargoyle Berserker)             Turns: 28969, Time: 00:55:05

Health: -3/132     AC: 48    Str: 28    XL:     18   Next: 51%
Magic:  18/18      EV:  7    Int:  7    God:    Jiyva [**....]
Gold:   842        SH: 18    Dex:  9    Spells: 17/17 levels left

rFire   + . .        N - +4 eveningstar (flame)
rCold   + + .        D - +1 kite shield {rC+ rF+}
rNeg    + . .        Z - +3 plate armour {rC+}
rPois   ∞            (helmet restricted)
rElec   +            I - +2 cloak
rCorr   +            Q - +2 pair of gloves {hurl}
SInv    .            k - +2 pair of boots
Will    ++...        P - amulet of reflection Stlth
                     y - ring of resist corrosion
HPRegen 1.38/turn    E - ring of willpower
MPRegen 0.64/turn

%: random rage (3%), reflection
@: flying
A: sickness immunity, AC +13, big wings, negative energy resistance 1,
electricity resistance, torment resistance 1, petrification resistance, horns 1,
berserk 1, dopey 1, inability to read after injury 1
a: Renounce Religion


You were on level 2 of the Shoals.
You worshipped Jiyva.
Jiyva was pleased with you.
You visited 5 branches of the dungeon, and saw 28 of its levels.
You also visited: Gauntlet.

You collected 4692 gold pieces.
You spent 3850 gold pieces at shops.

Inventory:

Hand Weapons
 N - a +4 eveningstar of flaming (weapon)
Missiles
 d - 2 javelins (quivered)
 p - 3 throwing nets
Armour
 k - a +2 pair of boots (worn)
 w - a +2 helmet of see invisible
 D - a +1 kite shield of resistance (worn)
 I - a +2 cloak (worn)
 Q - a +2 pair of gloves of hurling (worn)
 T - the +0 plate armour of the Game of Kings {rF++ Str+3 Dex-4}
   (You found it in a Gauntlet)

   Str+3:     It affects your strength (+3).
   Dex-4:     It affects your dexterity (-4).
   rF++:      It greatly protects you from fire.
 Z - a +3 plate armour of cold resistance (worn)
Jewellery
 y - a ring of resist corrosion (left hand)
 B - a +4 ring of protection
 C - a ring of protection from cold
 E - a ring of willpower (right hand)
 H - an amulet of regeneration
 J - a ring of see invisible
 P - an amulet of reflection (around neck)
 V - a ring of positive energy
Wands
 o - a wand of polymorph (45)
 s - a wand of quicksilver (11)
 v - a wand of digging (7)
 x - a wand of mindburst (30)
 S - a wand of paralysis (4)
 X - a wand of iceblast (9)
Scrolls
 a - 3 scrolls of brand weapon
 f - a scroll of summoning
 j - 6 scrolls of fear
 m - 7 scrolls of identify
 r - 10 scrolls of noise
 u - 5 scrolls of immolation
 z - 2 scrolls of enchant weapon
 F - 2 scrolls of silence
 K - 11 scrolls of poison
 L - 2 scrolls of fog
 O - a scroll of vulnerability
 R - 17 scrolls of teleportation
 U - 2 scrolls of enchant armour
 W - 5 scrolls of revelation
 Y - 8 scrolls of blinking
Potions
 c - 2 potions of ambrosia
 e - 3 potions of enlightenment
 g - 6 potions of might
 h - 3 potions of invisibility
 i - 4 potions of haste
 l - 13 potions of curing
 n - 3 potions of resistance
 q - 5 potions of lignification
 t - a potion of heal wounds
 A - 4 potions of cancellation
 M - 5 potions of attraction
Miscellaneous
 b - a lightning rod (4/4)
 G - a sack of spiders


   Skills:
 + Level 21.5 Fighting
 - Level 12.0 Maces & Flails
 + Level 21.4 Armour
 - Level 1.5 Dodging
 - Level 15.0 Shields


You had 17 spell levels left.
You didn't know any spells.
Your spell library contained the following spells:

 Spells                   Type           Power      Damage    Failure   Level
 Kiss of Death            Conj/Necr      0%         2d5       95%         1
 Dazzling Flash           Conj/Hex       0%         N/A       100%        3
 Sigil of Binding         Hex            0%         N/A       100%        3
 Manifold Assault         Tloc           0%         N/A       100%        4
 Iskenderun's Battlesphe  Conj           0%         2d6       100%        5
 Summon Forest            Summ/Tloc      0%         N/A       100%        5
 Summon Mana Viper        Hex/Summ       0%         N/A       100%        5
 Bombard                  Conj/Erth      0%         9d1       100%        6
 Death Channel            Necr           0%         N/A       100%        6
 Sculpt Simulacrum        Ice/Alch       0%         N/A       100%        6
 Summon Cactus Giant      Summ           0%         N/A       100%        6
 Spellforged Servitor     Conj/Summ      0%         N/A       100%        7


Dungeon Overview and Level Annotations

Branches:
Dungeon (15/15)            Temple (0/1) D:5            Lair (5/5) D:9
 Shoals (2/4) Lair:3       Spider (4/4) Lair:2        Slime (0/5) Lair:5
    Orc (2/2) D:12            Elf (0/3) Orc:2        Vaults (0/5) D:13
 Depths (0/4) D:15        Gauntlet (visited)

Altars:
Ashenzari
Cheibriados
Fedhas
Hepliaklqana
Makhleb
Ru
Sif Muna
Uskayaw
Wu Jian
Xom
Yredelemnul
Zin
Beogh
Jiyva
Lugonu

Shops:
D:2 [!=(?   D:5 (   D:9 *   D:12 ([   D:13 =[:(   Orc:1 ?   Orc:2 [??

Portals:
Abyss: Lair:5
Trove: D:10 (give 7 potions of haste)

Annotations:
D:13 1 runed translucent door
Spider:4 exclusion: 3 doors


Innate Abilities, Weirdness & Mutations

You are immune to sickness and miasma.
Your stone body is resilient. (AC +13)
You are immune to poison.
Your large and strong wings let you fly.
You resist negative energy. (rN+)
You are resistant to electric shocks. (rElec)
You are resistant to unholy torment.
You are immune to petrification.
You have a pair of small horns on your head.
You sometimes lose your temper in combat.
You are dopey. (Int -2)
You occasionally lose the ability to read scrolls when taking damage.


Message History

You impale the polar bear!! You burn the polar bear.
You kill the polar bear!
That felt strangely unrewarding.
The stone giant hits you but does no damage.
The stone giant hits you!!
You take 20 damage, and have 87/132 hp.
You hit the stone giant. You burn the stone giant.
You headbutt the stone giant.
The stone giant is lightly wounded.
The black bear rages.
The stone giant hits you!
The black bear rages.
You take 12 damage, and have 75/132 hp.
You hit the stone giant. You burn the stone giant.
The stone giant is lightly wounded.
The stone giant hits you but does no damage.
The black bear rages.
The satyr shoots an arrow.
The arrow hits you but does no damage.
The stone giant splashes around in the water.
You hit the stone giant. You burn the stone giant.
Your headbutt misses the stone giant.
The stone giant is lightly wounded.
The stone giant hits you!
The black bear rages.
The satyr shoots an arrow.
The arrow hits you but does no damage.
You take 9 damage, and have 67/132 hp.
You sock the stone giant! You burn the stone giant.
The stone giant is moderately wounded.
You block the stone giant's attack.
The satyr shoots an arrow.
The arrow hits you but does no damage. The stone giant hits you!!!
* * * LOW HITPOINT WARNING * * *
You hear a shout!
You take 45 damage, and have 22/132 hp.
MASSIVE DAMAGE!!
You impale the stone giant!! You burn the stone giant.
You headbutt the stone giant, but do no damage.
The stone giant is heavily wounded.
The black bear rages.
The stone giant hits you!!
You die...
Jiyva sends a jelly to digest your equipment.

≈≈≈≈≈≈≈≈≈≈≈≈≈≈≈
≈≈≈≈≈≈≈≈≈≈≈≈≈≈≈≈
≈≈≈≈≈≈≈≈≈≈≈≈≈≈≈≈≈
≈≈≈≈≈≈≈≈≈≈≈≈≈≈≈≈≈≈
≈≈≈≈≈≈≈≈≈≈≈≈≈≈≈≈≈≈≈
≈≈≈≈≈≈≈≈≈≈≈≈≈≈≈≈≈≈≈
≈≈≈≈≈≈≈≈≈≈≈≈≈≈≈~~~~
≈≈≈≈≈≈≈@C≈≈≈≈h~~~~~
≈≈≈~~~≈≈C≈≈≈≈h~~~~~
≈≈~~~~~≈≈≈≈≈≈h~....
≈~~~.~~~≈≈≈≈≈h~.#
≈~~...~~≈≈≈≈≈~..#
≈~~.#..~≈≈≈≈≈~~.###
≈~~.#..~≈≈≈≈≈≈~~..#
≈~~....~c≈≈≈≈≈~~.##
~~...~~≈≈≈≈≈~~..#


You could see a stone giant (berserk), a satyr, a cyclops (berserk) and 4 black
bears.

Vanquished Creatures
  Nikola (Shoals:1)
  Gastronok (Lair:2)
  Kirke (Lair:5)
  Donald (Shoals:1)
  A fenstrider witch (Shoals:1)
  3 emperor scorpions
  An orc warlord (Orc:2)
  3 ghost moths
  3 broodmothers
  A stone giant (D:15)
  Azrael (D:13)
  2 dire elephants (Spider:4)
  A lorocyproca (Spider:3)
  A minotaur (Gauntlet)
  A spark wasp (Spider:3)
  Josephine (Orc:2)
  A merfolk javelineer (Shoals:1)
  The ghost of Rallik the Grappler, a journeyman TrSh of Makhleb (Lair:1)
  3 entropy weavers
  2 vault guards (D:13)
  Fannar (Lair:2)
  Erolcha (D:11)
  An ogre mage (Orc:1)
  The ghost of smashvw the Grappler, a novice TrFi of Wu Jian (D:8)
  5 hydras
  A merfolk avatar (Shoals:1)
  A jorogumo (Spider:2)
  7 centaur warriors
  2 catoblepae
  11 two-headed ogres
  A satyr (Shoals:2)
  A radroach (Spider:2)
  9 boulder beetles
  A death knight (D:15)
  2 tengu warriors (D:13)
  9 demonic crawlers
  2 thrashing horrors (Lair:5)
  An orc high priest (Orc:2)
  A deep elf knight (Spider:4)
  11 skeletal warriors
  3 pharaoh ants
  6 skysharks
  5 orb spiders
  A deep troll (D:15)
  A lindwurm (Lair:5)
  3 arcanists
  5 sea snakes
  A deep elf archer (Spider:4)
  3 steelbarb worms
  3 large abominations
  6 orc knights (Orc:2)
  3 deep elf pyromancers
  18 wolf spiders
  4 necromancers
  7 orc sorcerers (Orc:2)
  12 fauns
  9 ugly things
  8 cyclopes
  8 manticores
  A will-o-the-wisp (Lair:3)
  13 meliai
  3 moths of wrath
  10 black mambas
  14 elephants
  2 water nymphs (Shoals:1)
  3 kobold blastminers
  A merfolk siren (Shoals:1)
  Maggie (D:9)
  2 smoke demons (Lair:5)
  3 torpor snails
  7 cane toads
  4 gargoyles
  3 rime drakes
  2 tengu conjurers (D:15)
  An efreet (D:14)
  5 komodo dragons
  A tyrant leech (Lair:3)
  A troll (shapeshifter) (D:14)
  12 merfolk
  9 trolls
  A polar bear (shapeshifter) (D:15)
  5 polar bears
  4 saltlings (Orc:2)
  9 hornets
  A wind drake (Shoals:1)
  2 raiju (Lair:5)
  24 tarantellas
  Grinder (D:4)
  30 blink frogs
  A raiju (shapeshifter) (D:15)
  3 snapping turtles (Shoals:1)
  9 dream sheep
  14 jumping spiders
  Sigmund (D:4)
  A jumping spider (shapeshifter) (Lair:5)
  8 slime creatures
  3 shadows
  3 wyverns
  2 vampires
  9 culicivoras
  8 wraiths
  2 ynoxinuls (Lair:5)
  2 hogs (Lair:5)
  39 yaks
  5 basilisks
  A spriggan (Lair:5)
  20 humans (D:13)
  A neqoxec (Gauntlet)
  2 wargs (Orc:2)
  5 fire elementals (D:13)
  3 steam dragons
  3 chaos spawn
  17 vampire mosquitoes
  Menkaure (D:5)
  30 redbacks
  Edmund (D:4)
  3 swamp worms (Lair:3)
  3 acid dragons
  An acid dragon (shapeshifter) (Lair:5)
  4 hell hounds
  14 water moccasins
  16 orc warriors
  3 swamp drakes (Lair:4)
  2 ice beasts
  A sky beast (D:7)
  A hornet zombie (D:8)
  2 black bears
  11 small abominations
  26 wolves
  3 ogres
  22 centaurs
  4 kobold brigands
  A phantom (D:7)
  Blork the orc (D:4)
  8 bullfrogs
  2 gnoll sergeants
  2 scorpions
  9 wights
  A wyvern zombie (D:8)
  4 killer bees (Lair:2)
  A vampire bat (Lair:5)
  3 electric eels
  5 howler monkeys
  A crimson imp (D:8)
  3 hounds
  2 jellies
  Crazy Yiuf (D:4)
  2 bombardier beetles
  2 gnoll boudas
  8 orc priests
  Ijyb (D:4)
  3 sleepcaps
  2 iguanas
  17 orc wizards
  Robin (D:4)
  20 gnolls
  5 adders
  A shadow imp (D:8)
  2 white imps (Gauntlet)
  2 ufetubi (D:7)
  A dart slug (D:1)
  2 ribbon worms
  80 orcs
  10 ball pythons
  4 endoplasms
  4 giant cockroaches
  8 goblins
  10 hobgoblins
  6 jackals
  2 quokkas
  9 bats
  5 frilled lizards
  17 kobolds
  5 rats
  A spectral orc (D:3)
964 creatures vanquished.

Vanquished Creatures (collateral kills)
  Arachne (Spider:2)
  Agnes (Spider:2)
  A ghost moth (Spider:2)
  A spark wasp (Spider:1)
  A centaur warrior (D:15)
  A moth of wrath (Spider:1)
  A tengu conjurer (D:15)
  A tarantella (Spider:2)
  A basilisk (D:15)
  5 redbacks
  2 vampire mosquitoes (D:12)
  2 centaurs
  A howler monkey (D:12)
19 creatures vanquished.

Vanquished Creatures (others)
  A manticore (Shoals:1)
  A faun (Shoals:1)
  A spriggan (Lair:5)
  A human (Lair:5)
  2 redbacks (Spider:4)
  A small abomination (Lair:5)
  24 jellies
  An orc wizard (D:7)
  2 orcs
  4 foxfires
38 creatures vanquished.

Grand Total: 1021 creatures vanquished

Notes
Turn   | Place    | Note
-------+----------+-------------------------------------------
     0 | D:1      | jasper the Gargoyle Berserker began the quest for the Orb.
     0 | D:1      | Reached XP level 1. HP: 14/14 MP: 1/1
   191 | D:1      | Reached XP level 2. HP: 16/19 MP: 2/2
   494 | D:1      | Reached XP level 3. HP: 21/23 MP: 3/3
   649 | D:1      | Reached ** piety under Trog
   745 | D:2      | Found Uwnesed's Jewellery Emporium.
   796 | D:2      | Found Acerhanu's Antique Weapon Shoppe.
   906 | D:2      | Found Liguul's Magic Scroll Shoppe.
   921 | D:2      | Bought a scroll of fear for 40 gold pieces
   967 | D:2      | Found Exeadeqi's Distillery.
  1024 | D:2      | Bought a potion of curing for 42 gold pieces
  1062 | D:2      | Found Rutafor's Antique Armour Emporium.
  1080 | D:2      | Identified the +2 leather armour "Anwites" {+Blink}
  1410 | D:3      | Identified the +0 trident of Upneviv {antimagic, rElec rN+
                  | Str+3}
  1747 | D:3      | Reached skill level 5 in Maces & Flails
  1747 | D:3      | Reached XP level 4. HP: 26/28 MP: 4/4
  1819 | D:3      | Found a hazy altar of Hepliaklqana.
  1868 | D:3      | You fall into a shaft and drop 1 floor!
  1935 | D:4      | Noticed Ijyb
  1935 | D:4      | Noticed Robin
  2094 | D:4      | Killed Ijyb
  2095 | D:4      | Reached XP level 5. HP: 30/32 MP: 5/5
  2267 | D:4      | Noticed Grinder
  2278 | D:4      | Killed Grinder
  2279 | D:4      | Reached XP level 6. HP: 37/37 MP: 6/6
  2323 | D:4      | Killed Robin
  2413 | D:4      | Noticed Edmund
  2426 | D:4      | Killed Edmund
  2427 | D:4      | Reached XP level 7. HP: 42/42 MP: 5/7
  2473 | D:4      | Found a broken altar of Ashenzari.
  2473 | D:4      | Found a hide-covered altar of Uskayaw.
  2476 | D:4      | Found a snail-covered altar of Cheibriados.
  2582 | D:4      | Noticed Blork the orc
  2585 | D:4      | Killed Blork the orc
  2707 | D:4      | Noticed Sigmund
  2712 | D:4      | Killed Sigmund
  2810 | D:4      | Found a runed translucent door.
  2811 | D:4      | Noticed Crazy Yiuf
  2822 | D:4      | Killed Crazy Yiuf
  3187 | D:5      | Entered Level 5 of the Dungeon
  3188 | D:5      | Found Plog's Weapon Shoppe.
  3283 | D:5      | Noticed Menkaure
  3292 | D:5      | Killed Menkaure
  3293 | D:5      | Reached XP level 8. HP: 36/48 MP: 6/8
  3438 | D:5      | Reached skill level 5 in Fighting
  3844 | D:5      | Found a staircase to the Ecumenical Temple.
  3950 | D:5      | Identified a scroll of acquirement
  3950 | D:5      | Acquired 1037 gold pieces
  4015 | D:2      | Bought a scroll of identify for 20 gold pieces
  4015 | D:2      | Bought a scroll of fear for 40 gold pieces
  4015 | D:2      | Bought a scroll of identify for 20 gold pieces
  4015 | D:2      | Bought a scroll of silence for 95 gold pieces
  4015 | D:2      | Bought a scroll of noise for 10 gold pieces
  4015 | D:2      | Bought a scroll of poison for 40 gold pieces
  4015 | D:2      | Bought a scroll of fog for 40 gold pieces
  4050 | D:2      | Bought a potion of attraction for 42 gold pieces
  4050 | D:2      | Bought a potion of curing for 42 gold pieces
  4050 | D:2      | Bought a potion of magic for 112 gold pieces
  4050 | D:2      | Bought a potion of attraction for 42 gold pieces
  4050 | D:2      | Bought a potion of mutation for 112 gold pieces
  4050 | D:2      | Bought a potion of cancellation for 112 gold pieces
  4086 | D:2      | Bought an amulet of reflection for 300 gold pieces
  4171 | D:6      | Reached skill level 5 in Armour
  4227 | D:6      | Reached *** piety under Trog
  4364 | D:6      | Reached XP level 9. HP: 46/55 MP: 9/9
  4657 | D:7      | Reached skill level 10 in Maces & Flails
  4923 | D:7      | Noticed a hornet
  4929 | D:7      | Found a glowing silver altar of Zin.
  4960 | D:7      | Killed a hornet
  5262 | D:7      | Reached XP level 10. HP: 55/63 MP: 10/10
  5335 | D:7      | Found a shimmering blue altar of Sif Muna.
  5654 | D:8      | Reached **** piety under Trog
  6008 | D:8      | Found a runed translucent gate.
  6008 | D:8      | Found a runed translucent gate.
  6008 | D:8      | Found a runed translucent gate.
  6008 | D:8      | Noticed smashvw's ghost (novice TrFi)
  6010 | D:8      | Found a basalt altar of Yredelemnul.
  6091 | D:8      | Killed smashvw's ghost
  6249 | D:8      | Found a shimmering altar of Xom.
  6249 | D:8      | Found a burning altar of Makhleb.
  6361 | D:9      | Found a staircase to the Lair.
  6427 | D:9      | Found a sacrificial altar of Ru.
  6530 | D:9      | Noticed Maggie
  6544 | D:9      | Killed Maggie
  6545 | D:9      | Reached XP level 11. HP: 54/71 MP: 11/11
  6578 | D:9      | Noticed a two-headed ogre
  6641 | D:10     | Entered Level 10 of the Dungeon
  6701 | D:10     | Noticed a deep elf pyromancer
  6709 | D:10     | Killed a deep elf pyromancer
  6710 | D:10     | Reached skill level 10 in Fighting
  6897 | D:10     | Identified the +8 dagger of Canegh {flame, *Noise Int+5
                  | Dex+2}
  7241 | D:10     | Found a portal to a secret trove of treasure.
  7424 | D:11     | Reached skill level 10 in Armour
  7475 | D:11     | Noticed a boulder beetle
  7487 | D:11     | Killed a boulder beetle
  7527 | D:11     | Noticed Erolcha
  7537 | D:11     | Killed Erolcha
  7574 | D:11     | Noticed a two-headed ogre
  7590 | D:11     | Killed a two-headed ogre
  7818 | D:11     | Noticed a cyclops
  7853 | D:11     | Killed a cyclops
  7856 | D:11     | Noticed a manticore
  7865 | D:11     | Killed a manticore
  8142 | Lair:1   | Entered Level 1 of the Lair of Beasts
  8246 | D:9      | Found an ornate altar of the Wu Jian Council.
  8254 | D:9      | Killed a two-headed ogre
  8255 | D:9      | Reached XP level 12. HP: 68/81 MP: 12/12
  8300 | D:9      | Found Enuot's General Store.
  8303 | D:9      | Bought a scroll of teleportation for 36 gold pieces
  8303 | D:9      | Bought a wand of mindburst (9) for 151 gold pieces
  8303 | D:9      | Bought a wand of quicksilver (3) for 151 gold pieces
  8323 | D:9      | Found a blossoming altar of Fedhas.
  8609 | Lair:1   | Found a large runed translucent door.
  8609 | Lair:1   | Found a large runed translucent door.
  8611 | Lair:1   | Noticed Rallik's ghost (journeyman TrSh)
  9343 | Lair:1   | Killed Rallik's ghost
  9445 | Lair:2   | Found a hole to the Spider Nest.
 10091 | Lair:2   | Noticed Fannar
 10134 | Lair:2   | Killed Fannar
 10455 | Lair:2   | Noticed Gastronok
 10472 | Lair:2   | Killed Gastronok
 10473 | Lair:2   | Reached XP level 13. HP: 83/91 MP: 13/13
 10850 | Lair:3   | Found a staircase to the Shoals.
 10909 | Lair:3   | Found a gate leading to a gauntlet.
 10968 | Gauntlet | Entered a Gauntlet
 10968 | Gauntlet | Found a transporter.
 10968 | Gauntlet | Found a transporter.
 10968 | Gauntlet | Found a transporter.
 10969 | Gauntlet | Found a transporter.
 10972 | Gauntlet | Found a transporter.
 10988 | Gauntlet | Found a transporter.
 10989 | Gauntlet | Found a transporter.
 10995 | Gauntlet | Found a transporter.
 11003 | Gauntlet | Found a transporter.
 11021 | Gauntlet | Found a transporter.
 11029 | Gauntlet | Found a transporter.
 11046 | Gauntlet | Found a transporter.
 11170 | Gauntlet | Gained mutation: You are occasionally teleported next to
                  | monsters. [a neqoxec]
 11174 | Gauntlet | Gained mutation: You are vulnerable to cold. (rC-) [a
                  | neqoxec]
 11281 | Gauntlet | Reached skill level 15 in Fighting
 11301 | Gauntlet | Identified the amulet of Quets {RegenMP+ Str+4 Int+2}
 11365 | Gauntlet | Reached skill level 15 in Armour
 11478 | Gauntlet | Noticed a minotaur
 11483 | Gauntlet | Killed a minotaur
 11487 | Gauntlet | Identified the +0 plate armour of the Game of Kings {rF++
                  | Str+3 Dex-4}
 12822 | Lair:4   | Reached ***** piety under Trog
 12841 | Lair:4   | Gained mutation: Your large and strong wings let you fly.
                  | [Gargoyle growth]
 12841 | Lair:4   | Reached XP level 14. HP: 85/100 MP: 14/14
 13348 | Lair:4   | Received a gift from Trog
 13748 | Lair:5   | Entered Level 5 of the Lair of Beasts
 13762 | Lair:5   | Found a staircase to the Slime Pits.
 13762 | Lair:5   | Found a viscous altar of Jiyva.
 14107 | Lair:5   | Noticed Kirke
 14127 | Lair:5   | Killed Kirke
 15264 | Lair:5   | Identified the +1 robe "Qiqogio" {rC++ rCorr Str-5 Int+3}
 15626 | Lair:5   | Received a gift from Trog
 15691 | Lair:5   | Found a corrupted altar of Lugonu.
 15691 | Lair:5   | Found a one-way gate to the infinite horrors of the Abyss.
 16024 | D:12     | Found a staircase to the Orcish Mines.
 16024 | D:12     | Found Opisse's Armour Shop.
 16025 | D:12     | Found Zoibreop's Weapon Shop.
 16053 | D:12     | Bought a +0 buckler for 49 gold pieces
 16179 | D:12     | Reached skill level 1 in Shields
 16193 | D:12     | Reached XP level 15. HP: 106/108 MP: 15/15
 16240 | D:12     | Reached skill level 5 in Shields
 16995 | Orc:1    | Entered Level 1 of the Orcish Mines
 16995 | Orc:1    | Found Nuhogh's Magic Scroll Emporium.
 17060 | Orc:1    | Bought a scroll of teleportation for 36 gold pieces
 17060 | Orc:1    | Bought a scroll of poison for 48 gold pieces
 17060 | Orc:1    | Bought a scroll of enchant weapon for 90 gold pieces
 17060 | Orc:1    | Bought a scroll of poison for 48 gold pieces
 17060 | Orc:1    | Bought a scroll of revelation for 90 gold pieces
 17657 | Orc:2    | Entered Level 2 of the Orcish Mines
 17676 | Orc:2    | Lost mutation: You are occasionally teleported next to
                  | monsters. [potion of mutation]
 17676 | Orc:2    | Lost mutation: You are vulnerable to cold. (rC-) [potion of
                  | mutation]
 17676 | Orc:2    | Gained mutation: You sometimes lose your temper in combat.
                  | [potion of mutation]
 17676 | Orc:2    | Gained mutation: You have an uncontrollable temper. [potion
                  | of mutation]
 17676 | Orc:2    | Gained mutation: You are clumsy. (Dex -2) [potion of
                  | mutation]
 17676 | Orc:2    | Lost mutation: You have an uncontrollable temper. [potion
                  | of mutation]
 17802 | Orc:2    | Noticed Josephine
 17807 | Orc:2    | Found a staircase to the Elven Halls.
 17809 | Orc:2    | Killed Josephine
 18467 | Orc:2    | Noticed an orc warlord
 18478 | Orc:2    | Killed an orc warlord
 18626 | Orc:2    | Received a gift from Trog
 18695 | Orc:2    | Found Wainiv's Magic Scroll Boutique.
 18701 | Orc:2    | Bought a scroll of poison for 60 gold pieces
 18701 | Orc:2    | Bought a scroll of blinking for 112 gold pieces
 18701 | Orc:2    | Bought a scroll of vulnerability for 60 gold pieces
 18701 | Orc:2    | Bought a scroll of teleportation for 45 gold pieces
 18701 | Orc:2    | Bought a scroll of acquirement for 780 gold pieces
 18701 | Orc:2    | Bought a scroll of teleportation for 45 gold pieces
 18701 | Orc:2    | Bought a scroll of teleportation for 45 gold pieces
 18701 | Orc:2    | Acquired 928 gold pieces
 18759 | Orc:2    | Found Kebiw's Book Shoppe.
 18771 | Orc:2    | Found Xagas's Magic Scroll Shoppe.
 18771 | Orc:2    | Found a roughly hewn altar of Beogh.
 18856 | Orc:2    | Bought a scroll of poison for 64 gold pieces
 18856 | Orc:2    | Bought a scroll of teleportation for 48 gold pieces
 18856 | Orc:2    | Bought a scroll of silence for 152 gold pieces
 18856 | Orc:2    | Bought a scroll of noise for 16 gold pieces
 18856 | Orc:2    | Bought a scroll of revelation for 120 gold pieces
 19207 | Orc:2    | Found Zomod Fuci's Antique Armour Shoppe.
 19245 | Orc:2    | Bought a kite shield for 135 gold pieces
 19445 | D:13     | Found Kitwumpo's Jewellery Shoppe.
 19449 | D:13     | Bought an amulet of regeneration for 360 gold pieces
 19560 | D:13     | Found Gorghi's Antique Armour Shop.
 19681 | D:13     | Noticed Azrael
 19702 | D:13     | Killed Azrael
 19737 | D:13     | Reached XP level 16. HP: 103/116 MP: 16/16
 19753 | D:13     | Found Zotte's Book Emporium.
 19788 | D:13     | Found a runed translucent gate.
 19788 | D:13     | Found a runed translucent gate.
 19789 | D:13     | Found a runed translucent door.
 19830 | D:13     | Reached skill level 10 in Shields
 19830 | D:13     | Found Guahotaoda's Weapon Emporium.
 20063 | D:13     | Found a gate to the Vaults.
 20202 | D:13     | Found a runed translucent gate.
 20213 | D:13     | Found a runed translucent door.
 20692 | D:13     | Received a gift from Trog
 21387 | D:15     | Entered Level 15 of the Dungeon
 21634 | D:15     | Found a staircase to the Depths.
 21938 | D:15     | Reached skill level 15 in Shields
 22391 | Spider:1 | Entered Level 1 of the Spider Nest
 22418 | Spider:1 | Reached XP level 17. HP: 100/122 MP: 17/17
 22635 | Spider:1 | Identified the +7 triple sword of Urgency {flame, rF- rC+
                  | rN+ Str+4} (Trog gifted it to you on level 1 of the Spider
                  | Nest)
 22635 | Spider:1 | Received a gift from Trog
 22798 | Spider:1 | Identified the +0 cloak of Slovenliness {rCorr}
 23091 | Spider:1 | Lost mutation: You are clumsy. (Dex -2) [potion of
                  | mutation]
 23091 | Spider:1 | Lost mutation: You sometimes lose your temper in combat.
                  | [potion of mutation]
 23091 | Spider:1 | Gained mutation: You have hidden genetic defects. [potion
                  | of mutation]
 23091 | Spider:1 | Gained mutation: You occasionally lose the ability to read
                  | scrolls when taking damage. [potion of mutation]
 23091 | Spider:1 | Gained mutation: You have a pair of small horns on your
                  | head. [potion of mutation]
 23815 | Spider:2 | Noticed Agnes
 23816 | Spider:2 | Noticed Arachne
 23825 | Spider:2 | Killed Agnes
 23828 | Spider:2 | Killed Arachne
 23838 | Spider:2 | Gained mutation: You are dopey. (Int -2) [hidden defects]
 24768 | Spider:3 | Received a gift from Trog
 24872 | Spider:3 | Gained mutation: You sometimes lose your temper in combat.
                  | [hidden defects]
 24872 | Spider:3 | Lost mutation: You have hidden genetic defects. [hidden
                  | defects expressed]
 25651 | Lair:5   | Fell from the grace of Trog
 25651 | Lair:5   | Became a worshipper of Jiyva Jurririe the Shapeless
 25980 | Spider:4 | Entered Level 4 of the Spider Nest
 26422 | Spider:4 | Reached XP level 18. HP: 94/131 MP: 18/18
 26823 | Spider:4 | Reached * piety under Jiyva
 27064 | Shoals:1 | Entered Level 1 of the Shoals
 27336 | Shoals:1 | Noticed Donald
 27372 | Shoals:1 | Killed Donald
 28160 | Shoals:1 | Found a shimmering altar of Xom.
 28163 | Shoals:1 | Noticed Nikola
 28196 | Shoals:1 | Killed Nikola
 28436 | Shoals:1 | Got the Book of the Vehement Vertex
 28489 | Shoals:2 | Reached ** piety under Jiyva
 28969 | Shoals:2 | Slain by a stone giant

Illustrated notes

Levels and vault maps discovered:
D:1:      dpeg_arrival_water_temple_mockup, layout_basic
D:2:      layout_rooms, serial_shops, shop, nicolae_shop_stone,
          nicolae_shop_gaudy_bauble, shop_coins,
          nicolae_shop_tiny_real_fake_doors, kennysheep_another_room
D:3:      layout_loops_cross, nicolae_hepliaklqana_monster_ancestors,
          kennysheep_generic_room_10
D:4:      layout_loops_ring, grunt_temple_overflow_open, nicolae_goblin_pals,
          uniq_robin, uniq_edmund, uniq_sigmund, uniq_grinder,
          uniq_blork_the_orc, uniq_crazy_yiuf_cottage
D:5:      layout_loops_ring, minmay_temple_entry_mini_moons, serial_shops,
          nicolae_diamond_shop, minmay_misc_feat_four_crosses,
          nicolae_grassy_gnolls, uniq_menkaure, uniq_ijyb
D:6:      layout_cave_pools
D:7:      cheibrodos_barr_body, layout_gridville, hellmonk_sif_muna_bookshelves,
          lemuel_doored_altar, nicolae_water_bricks
D:8:      layout_cave_pools, grunt_temple_overflow_champion_of_chaos,
          nicolae_yredelemnul_ghost_church, kennysheep_generic_room_9
D:9:      layout_rooms, amcnicky_altar_gilded, mainiacjoe_overflow_catwalk,
          fedhas_bush_and_centaur_altar, serial_shops,
          nicolae_shop_real_fake_doors, uniq_maggie
D:10:     layout_irregular_city, nicolae_trove_entry_free_sample,
          chequers_arboretum
D:11:     layout_basic, chequers_serial_rivers_room_a, uniq_erolcha
D:12:     minmay_four_partial_circles, layout_loops_ring, orc_david_3,
          hangedman_glass_teeth
D:13:     layout_long_grid, grunt_vaults_entry_tiered, serial_shops,
          shop_fountains, nicolae_shop_advertising_works
          [nicolae_subvault_shop_adworks], nicolae_shop_rolling_square, shop,
          minmay_guarded_unrand_staff_of_olgreb, uniq_azrael
D:14:     layout_loops_ring, kennysheep_doodads
D:15:     hangedman_depths_entry_civil_slaughter, layout_gridville,
          minmay_misc_feat_ornament
Lair:1:   layout_small_grid, ebering_ghost_disaster_area
Lair:2:   layout_long_grid, hellmonk_spider_entry_not_the_bees,
          infiniplex_staircase_pool, grunt_megastairs_1, uniq_fannar,
          uniq_gastronok
Lair:3:   layout_chaotic_city, elwin_shoals_entry_stream,
          gauntlet_entry_generic, worms_lemuel, infiniplex_staircase_pool_2
Lair:4:   layout_hall_layers, pond
Lair:5:   hellmonk_lair_end_abyssal_woods, layout_hall_layers, slime_entry_1,
          chequers_serial_rivers_micro_a, roderic_batcave, uniq_kirke
Shoals:1: layout_shoals, nicolae_shoals_square_sea_wall, lemuel_altar_in_water,
          nicolae_shoals_beach_house_on_fowls_legs, uniq_donald, uniq_nikola
Shoals:2: cheibrodos_shoals_satyrical_garden, layout_shoals,
          nicolae_shoals_loop_pool
Spider:1: layout_spider_delve
Spider:2: layout_spider_delve, drop_trap, uniq_arachne, uniq_agnes
Spider:3: layout_cave_pods, drop_trap
Spider:4: spider_rune_water, drop_trap, beargit_elvish_explorers
Orc:1:    layout_caves, serial_shops, shop
Orc:2:    hellmonk_orc_salted, layout_caves, minmay_orc_barracks, uniq_josephine

Skill      XL: |  1  2  3  4  5  6  7  8  9 10 11 12 13 14 15 16 17 18 |
---------------+-------------------------------------------------------+-----
Maces & Flails | 4 5 7 8 9 11 12 | 12.0
Fighting       | 4 6 7 9 12 14 16 18 19 20 21 | 21.5
Armour         | 3 5 7 9 12 14 16 18 20 21 | 21.4
Shields        | 2 9 15 | 15.0
Dodging        | |  1.5

Action                     |  1- 3 |  4- 6 |  7- 9 | 10-12 | 13-15 | 16-18 || total
---------------------------+-------+-------+-------+-------+-------+-------++-------
  Melee: Mace              |   152 |   100 |     1 |       |       |       ||   253
         Dire flail        |       |       |   298 |   677 |   797 |       ||  1772
         Eveningstar       |       |       |       |       |   511 |  1241 ||  1752
         Headbutt          |       |       |       |       |       |   137 ||   137
 Invoke: Trog's Hand       |       |     2 |     6 |    11 |    16 |     4 ||    39
         Berserk           |       |     2 |     2 |     4 |     5 |     2 ||    15
         Brothers in Arms  |       |       |       |     1 |     3 |     3 ||     7
  Evoke: Wand              |       |       |       |     4 |     2 |     3 ||     9
         Lightning rod     |       |       |       |       |       |     5 ||     5
         Sack of spiders   |       |       |       |       |       |     1 ||     1
    Use: Scroll            |     3 |       |    11 |     6 |     5 |       ||    25
         Potion            |       |       |       |       |     1 |     8 ||     9
 Armour: Animal skin       |    72 |       |       |       |       |       ||    72
         Scale mail        |    30 |    68 |   158 |       |       |       ||   256
         Ring mail         |    12 |       |       |       |       |       ||    12
         Leather armour    |     4 |       |       |       |       |       ||     4
         Chain mail        |       |       |    75 |   444 |    60 |       ||   579
         Plate armour      |       |       |       |       |  1354 |  1584 ||  2938
  Dodge: Dodged            |    75 |    31 |   112 |   332 |   571 |   442 ||  1563
  Block: Other             |       |       |    36 |   124 |   162 |       ||   322
         Reflection        |       |       |     2 |     9 |    17 |    46 ||    74
         Buckler           |       |       |       |       |   259 |       ||   259
         Kite shield       |       |       |       |       |    97 |  1218 ||  1315

Table legend: (Time is in decaauts)
 A = Elapsed time spent in this place.
 B = Non-inter-level travel time spent in this place.
 C = Inter-level travel time spent in this place.
 D = Time resting spent in this place.
 E = Time spent auto-exploring this place.
 F = Levels seen in this place.
 G = Mean time per level.
                   A        B        C        D        E       F      G
               +--------+--------+--------+--------+--------+-----+--------+
         Total |  28970 |  27212 |   1758 |   4019 |  15303 |  29 |  999.0 |
       Dungeon |  12421 |  11553 |    868 |    991 |   7118 |  15 |  828.1 |
          Lair |   7182 |   6669 |    513 |    932 |   4112 |   5 | 1436.4 |
        Shoals |   2019 |   1981 |     38 |    834 |    351 |   2 | 1009.5 |
   Spider Nest |   4427 |   4153 |    274 |    762 |   2177 |   4 | 1106.8 |
  Orcish Mines |   2360 |   2297 |     63 |    375 |   1375 |   2 | 1180.0 |
      Gauntlet |    558 |    558 |      0 |    123 |    169 |   1 |  558.0 |
               +--------+--------+--------+--------+--------+-----+--------+

Top non-repeatable levels by time:
  Lair:5: 2116 daAuts
    D:13: 1559 daAuts
Shoals:1: 1551 daAuts
  Lair:2: 1543 daAuts
   Orc:2: 1539 daAuts
  Lair:3: 1357 daAuts
Spider:3: 1353 daAuts
Spider:1: 1167 daAuts
  Lair:4: 1103 daAuts
  Lair:1: 1061 daAuts
     D:4: 1054 daAuts
Spider:4: 992 daAuts
    D:12: 983 daAuts
     D:3: 942 daAuts
Spider:2: 915 daAuts
